 Dungeon Crawl Stone Soup version 0.22.1-2-g9c5b331 (webtiles) character file.

147 myga the Bolt Thrower (level 5, 0/33 HPs)
             Began as a Halfling Arcane Marksman on Dec 13, 2018.
             Killed by divine providence
             ... invoked by an orc priest
              (9 damage)
             ... on level 3 of the Dungeon.
             The game lasted 00:16:27 (3768 turns).

myga the Bolt Thrower (Halfling Arcane Marksman)    Turns: 3768, Time: 00:16:28

Health: 0/33       AC:  4    Str: 17    XL:     5   Next: 55%
Magic:  6/7        EV: 16    Int: 11    God:
Gold:   114        SH:  0    Dex: 15    Spells: 1/7 levels left

rFire    . . .     SeeInvis +   a - +0 hand crossbow
rCold    . . .     Gourm    .   (shield restricted)
rNeg     . . .     Faith    .   n - +0 robe
rPois    .         Spirit   .   p - +0 helmet
rElec    .         Reflect  .   (no cloak)
rCorr    .         Harm     .   b - +0 pair of gloves
MR       .....                  (no boots)
Stlth    +.........             (no amulet)
HPRegen  0.11/turn              l - ring of see invisible
MPRegen  0.10/turn              (no ring)

@: confused, mighty
A: small, mutation resistance 1
a: no special abilities


You were on level 3 of the Dungeon.
You were not hungry.

You visited 1 branch of the dungeon, and saw 3 of its levels.

You collected 114 gold pieces.

Inventory:

Hand Weapons
 a - a +0 hand crossbow (weapon)
 c - a +0 hand axe
 m - a +0 hunting sling
Missiles
 d - 69 stones
 e - 13 arrows
 i - 11 bolts (quivered)
 q - 13 sling bullets
Armour
 b - a +0 pair of gloves (worn)
 n - a +0 robe (worn)
 o - a +0 robe
 p - a +0 helmet (worn)
Jewellery
 l - a ring of see invisible (left hand)
Scrolls
 g - a scroll of teleportation
 k - a scroll of fear {unknown}
 r - a scroll of blinking {unknown}
 t - a scroll of enchant armour {unknown}
Potions
 h - 2 potions of lignification
 v - a potion of berserk rage
Comestibles
 f - a ration
 j - 7 chunks of flesh


   Skills:
 + Level 1.4 Fighting
 - Level 0.5 Axes
 + Level 3.2 Crossbows
 + Level 3.0 Dodging
 + Level 0.2 Stealth
 - Level 0.9 Unarmed Combat
 + Level 1.7 Spellcasting
 + Level 3.1 Hexes


You had one spell level left.
You knew the following spells:

 Your Spells              Type           Power        Failure   Level  Hunger
a - Corona                Hex            #......      9%          1    ##.....
b - Slow                  Hex            #.......     13%         2    ###....
c - Inner Flame           Hex/Fire       #.......     43%         3    ####...

Your spell library contained the following spells:

 Spells                   Type           Power        Failure   Level  Hunger
 Portal Projectile        Hex/Tloc       #.....       43%         3    ####...
 Cause Fear               Hex            #.........   63%         4    #####..
 Leda's Liquefaction      Hex/Erth       #.........   85%         4    #####..


Dungeon Overview and Level Annotations

Branches:
Dungeon (3/15)

Altars:

Annotations:
D:3 Ijyb


Innate Abilities, Weirdness & Mutations

You are small and have problems with some larger weapons.
You are somewhat resistant to further mutation.


Message History

Aim: an orc wizard, wielding a dagger and wearing an embroidered robe (severely You shoot a bolt.
The orc priest calls upon Beogh to heal the orc wizard.
The orc wizard is healed somewhat.
The orc wizard casts a spell at you. The puff of flame hits you!
* * * LOW HITPOINT WARNING * * *
Firing (i - inventory. (/) - cycle)
i - 13 bolts (quivered)
Press: ? - help, Shift-Dir - straight line, f/p - orc wizard
Aim: an orc wizard, wielding a dagger and wearing an embroidered robe You shoot a bolt.
The orc priest miscasts a cantrip.
The orc wizard hits you but does no damage.
Firing (i - inventory. (/) - cycle)
i - 12 bolts (quivered)
Press: ? - help, Shift-Dir - straight line, f/p - orc wizard
Aim: an orc wizard, wielding a dagger and wearing an embroidered robe You shoot a bolt.
The orc priest calls down the wrath of Beogh upon you.
Beogh smites you!
You die...

######### #...(...######
#.........^..#
#............#
#............#
#####............#
#.go@.....##.....# .
#o#######รท##.....# .. #(#
....#'##.....# .g. #(#
#...........# .... #o#
#...........# .(... #####o#
#........####
....(.##.o.oo####).......#
.....oo.g.o..............#
......##############'###.###


You could see Ijyb, an orc priest and an orc wizard.

Vanquished Creatures
  Jessica (D:2)
  4 adders
  A gnoll (D:1)
  An ooze (D:2)
  2 worms (D:2)
  4 dart slugs
  An orc (D:3)
  3 ball pythons
  9 bats
  3 giant cockroaches
  5 goblins
  6 hobgoblins
  4 jackals (D:3)
  4 frilled lizards
  4 kobolds
  7 rats
59 creatures vanquished.

Notes
Turn   | Place    | Note
-------+----------+-------------------------------------------
     0 | D:1      | myga the Halfling Arcane Marksman began the quest for the
                  | Orb.
     0 | D:1      | Reached XP level 1. HP: 12/12 MP: 2/2
    68 | D:1      | Reached skill level 1 in Fighting
    69 | D:1      | Reached XP level 2. HP: 4/18 MP: 3/3
   364 | D:1      | Learned a level 2 spell: Slow
   638 | D:1      | Reached XP level 3. HP: 17/23 MP: 2/4
  1204 | D:2      | Noticed Jessica
  2287 | D:2      | Reached XP level 4. HP: 28/28 MP: 6/6
  2674 | D:2      | Killed Jessica
  2708 | D:2      | Reached XP level 5. HP: 20/33 MP: 7/7
  3454 | D:3      | Learned a level 3 spell: Inner Flame
  3736 | D:3      | Noticed Ijyb
  3768 | D:3      | Killed from afar by an orc priest

Skill      XL: |  1  2  3  4  5 |
---------------+----------------+-----
Fighting       | 1 |  1.4
Crossbows      | 3 |  3.2
Hexes          | 3 |  3.1
Dodging        | 3 |  3.0
Axes           | |  0.5
Stealth        | |  0.2
Unarmed Combat | |  0.9
Spellcasting   | |  1.7

Action                   |  1- 3 |  4- 6 || total
-------------------------+-------+-------++-------
Melee: Unarmed           |    28 |       ||    28
       Club              |    13 |       ||    13
       Hand axe          |     3 |    28 ||    31
 Fire: Hand crossbow     |    65 |    81 ||   146
Throw: Stone             |     1 |     2 ||     3
 Cast: Corona            |    14 |     2 ||    16
       Slow              |    11 |     3 ||    14
       Inner Flame       |       |     1 ||     1
  Use: Scroll            |     3 |     1 ||     4
       Potion            |     2 |     3 ||     5
  Eat: Chunk             |     5 |     3 ||     8
       Ration            |       |     1 ||     1
Armor: Robe              |     5 |    12 ||    17
       Skin              |       |    37 ||    37
Dodge: Dodged            |    37 |    48 ||    85
